 Dungeon Crawl Stone Soup version 0.16-a0-3107-g0c274cb (webtiles) character file.

133 myeffort the Ogre Mage (level 5, 45/45 HPs)
             Began as an Ogre Wizard on Dec 12, 2014.
             Quit the game on level 3 of the Dungeon.
             The game lasted 00:06:59 (2964 turns).

myeffort the Ogre Mage (Ogre Wizard)                Turns: 2964, Time: 00:06:59

Health: 45/45      AC:  3    Str: 13    XL:     5   Next: 16%
Magic:  11/11      EV:  9    Int: 17    God:
Gold:   187        SH:  0    Dex:  8    Spells: 3 memorised, 6 levels left

rFire  . . .     SeeInvis .     y - -1 hand axe (curse)
rCold  . . .     Clarity  .     a - +0 robe
rNeg   + . .     SustAb   .     (shield restricted)
rPois  .         Gourm    .     b - +0 hat
rElec  .         Spirit   .     (no cloak)
rCorr  .         Warding  .     (gloves unavailable)
rMut   .         Stasis   .     (boots unavailable)
MR     .....                    (no amulet)
Stlth  +.........               n - ring of positive energy
                                p - ring of wizardry

@: not resistant to hostile enchantments, very unstealthy
A: unfitting armour, tough skin 1
a: no special abilities


You were on level 3 of the Dungeon.
You were hungry.

You visited 1 branch of the dungeon, and saw 3 of its levels.

You collected 187 gold pieces.

Inventory:

Hand weapons
 i - a +0 dagger
 y - a cursed -1 hand axe (weapon)
Armour
 a - a +0 robe (worn)
 b - a +0 hat (worn)
Jewellery
 h - a +2 ring of dexterity
 n - a ring of positive energy (right hand)
 p - a ring of wizardry (left hand)
 q - an uncursed ring of teleportation
Magical devices
 x - a wand of paralysis (12)
Scrolls
 e - a scroll of enchant weapon
 f - a scroll of amnesia {unknown}
 r - a scroll of remove curse
 u - a scroll of identify {unknown}
 w - a scroll of magic mapping {unknown}
Potions
 j - a potion of restore abilities {unknown}
 l - a potion of might {unknown}
 m - a potion of ambrosia {unknown}
 o - a potion of cancellation {unknown}
 s - a potion of heal wounds {unknown}
 t - a potion of agility {unknown}
 A - a potion of degeneration {unknown}
Books
 c - a book of Minor Magic

   Spells                             Type                      Level
   a - Magic Dart                     Conjuration                  1
   b - Blink                          Translocation                2
   c - Call Imp                       Summoning                    2
   d - Repel Missiles                 Charms/Air                   2
   e - Slow                           Hexes                        2
   f - Conjure Flame                  Conjuration/Fire             3
   g - Mephitic Cloud                 Conjuration/Poison/Air       3
 z - a book of Dreams

   Spells                             Type                      Level
   a - Ensorcelled Hibernation        Hexes/Ice                    2
   b - Flight                         Charms/Air                   3
   c - Phase Shift                    Translocation                5
   d - Shadow Creatures               Summoning                    5
   e - Mass Confusion                 Hexes                        6
   f - Darkness                       Hexes                        7
Comestibles
 d - 4 meat rations
 g - 3 bread rations
 k - 2 beef jerkies


   Skills:
 - Level 1.7 Dodging
 - Level 1.5 Stealth
 - Level 3.6 Spellcasting
 + Level 3.6 Conjurations
 - Level 0.6 Summonings
 - Level 0.6 Translocations


You had 6 spell levels left.
You knew the following spells:

 Your Spells              Type           Power        Failure   Level  Hunger
a - Magic Dart            Conj           ###.         1%          1    None
b - Call Imp              Summ           #.......     9%          2    ##.....
c - Blink                 Tloc           N/A          9%          2    ##.....


Dungeon Overview and Level Annotations

Branches:
Dungeon (3/15)

Altars:
Xom


Innate Abilities, Weirdness & Mutations

You are too large for most types of armour.
You have tough skin (AC +1).


Message History

The giant newt is heavily wounded.
Casting: Magic Dart
Confirm with . or Enter, or press ? or * to list all spells.
Aiming: Magic Dart
Press: ? - help, Shift-Dir - straight line, f/p - giant newt
Aim: a giant newt (heavily wounded)
The magic dart hits the giant newt.
You kill the giant newt!
You are feeling hungry.
You open the door.
There is an open door here.
A - a fuming red potion
Found 18 sling bullets.
Magic restored.
All of the chunks of flesh in your inventory have rotted away.
You open the door.
There is an open door here.
A jackal comes into view.
A jackal is nearby!
Are you sure you want to abandon this character and quit the game? (Confirm with "yes".)

+......'..###.........(
#......##..##..........
...###..................#
.#. #..................# #
#................... .#
#........##'#######. .#
#........##.# (# #
#######+###.# ##.##### #@#
#####
.........................
.#.##########.##.###....#
.#.#.....#.......# #....#
.#.#.###.#.# #.#.###....###
.#.#.#...#.# #.#.h........#
.#.#.#.#.#.# #............#
...#.#...#.# #...........#
...#.#.###.####...........#


You could see a jackal (wandering).

Vanquished Creatures
  Ijyb (D:2)
  5 adders
  A giant mite (D:3)
  2 giant geckos
  7 bats
  2 giant cockroaches (D:3)
  6 hobgoblins
  2 oozes (D:1)
  A ball python (D:1)
  4 giant newts
  7 goblins
  5 jackals
  5 kobolds
  7 rats
55 creatures vanquished.

Vanquished Creatures (collateral kills)
  An adder (D:2)
  A worm (D:2)
  An orc (D:3)
3 creatures vanquished.

Grand Total: 58 creatures vanquished

Notes
Turn   | Place    | Note
--------------------------------------------------------------
     0 | D:1      | myeffort, the Ogre Wizard, began the quest for the Orb.
     0 | D:1      | Reached XP level 1. HP: 16/16 MP: 4/4
    54 | D:1      | Found a shimmering altar of Xom.
   158 | D:1      | Reached skill level 1 in Conjurations
   408 | D:1      | Reached XP level 2. HP: 24/24 MP: 1/6
   907 | D:1      | Reached XP level 3. HP: 31/31 MP: 1/8
   924 | D:1      | Learned a level 2 spell: Call Imp
  1693 | D:2      | Noticed Ijyb
  1728 | D:2      | Killed Ijyb
  1728 | D:2      | Reached XP level 4. HP: 26/39 MP: 0/10
  2734 | D:3      | Reached XP level 5. HP: 45/45 MP: 5/11
  2771 | D:3      | Learned a level 2 spell: Blink
  2964 | D:3      | Quit the game

Action                   |  1- 3 |  4- 6 || total
-------------------------+-------+-------++-------
Melee: Unarmed           |    48 |       ||    48
       Dagger            |    13 |     3 ||    16
 Cast: Magic Dart        |    92 |    61 ||   153
       Call Imp          |     2 |     8 ||    10
  Use: Scroll            |       |     2 ||     2
  Eat: Chunk             |     2 |     4 ||     6
